 Dungeon Crawl Stone Soup version 0.29-a0-819-g94b489e0ae (webtiles) character file.

Game seed: 11886351424143911247

3847 DuloT34 the Carver (level 10, 0/82 HPs)
             Began as a Gnoll Cinder Acolyte on July 6, 2022.
             Was an Initiate of Cheibriados.
             Slain by a yak (7 damage)
             ... on level 8 of the Dungeon.
             The game lasted 00:15:23 (11958 turns).

DuloT34 the Carver (Gnoll Cinder Acolyte)          Turns: 11958, Time: 00:15:24

Health: 0/82       AC: 14    Str: 14 (15) XL:     10   Next: 18%
Magic:  19/19      EV:  5    Int: 22      God:    Cheibriados [......]
Gold:   365        SH:  0    Dex:  9 (12) Spells: 19/21 levels left

rFire   . . .      SeeInvis .   F - +4 falchion (freeze)
rCold   x . .      Faith    .   (no shield)
rNeg    . . .      Spirit   .   A - +0 plate armour "Oriuhoycs" {rC- Regen+ Int+7}
rPois   .          Reflect  .   q - +0 helmet
rElec   .          Harm     .   f - +0 cloak
rCorr   .          Rampage  .   (no gloves)
Will    .....                   (no boots)
Stlth   ..........              (no amulet)
HPRegen 1.03/turn               (no ring)
MPRegen 0.16/turn               (no ring)

@: fire susceptible, very slow
A: fangs 1, strong nose, distributed training
a: Renounce Religion


You were on level 8 of the Dungeon.
You worshipped Cheibriados.
Cheibriados was noncommittal.
You visited 2 branches of the dungeon, and saw 10 of its levels.
You also visited: Ossuary.

You collected 491 gold pieces.
You spent 126 gold pieces at shops.

Inventory:

Hand Weapons
 a - a +0 falchion of flaming
 E - a +2 great sword
 F - a +4 falchion of freezing (weapon)
Armour
 f - a +0 cloak (worn)
 g - a scarf of resistance
 k - a +0 plate armour
 q - a +0 helmet (worn)
 A - the +0 plate armour "Oriuhoycs" (worn) {rC- Regen+ Int+7}
   (You found it on level 6 of the Dungeon)

   Int:       It affects your intelligence (+7).
   rC:        It makes you vulnerable to cold.
   Regen:     It increases your rate of health regeneration.
Jewellery
 l - a ring of see invisible
 m - an amulet of the acrobat
Wands
 c - a wand of roots (9)
 p - a wand of polymorph (3)
 w - a wand of flame (12)
Scrolls
 b - a scroll of teleportation
 j - a scroll of fog
 x - a scroll of amnesia
 y - 2 scrolls of enchant armour
 z - a scroll of noise {unknown}
 B - a scroll of summoning {unknown}
 C - 2 scrolls of vulnerability {unknown}
 D - a scroll of enchant weapon
Potions
 e - a potion of haste
 h - a potion of might
 i - 3 potions of mutation
 n - a potion of berserk rage {unknown}
 o - a potion of flight {unknown}
 s - 2 potions of resistance
 t - 2 potions of attraction
 u - a potion of brilliance {unknown}
 v - 3 potions of degeneration


   Skills:
 + Level 8.5 Fighting
 + Level 5.2 Short Blades
 + Level 8.5 Long Blades
 + Level 5.2 Axes
 + Level 5.2 Maces & Flails
 + Level 5.2 Polearms
 + Level 5.2 Staves
 + Level 5.2 Ranged Weapons
 + Level 5.2 Throwing
 + Level 5.2 Armour
 + Level 5.2 Dodging
 + Level 5.2 Stealth
 + Level 5.2 Shields
 + Level 5.2 Unarmed Combat
 + Level 6.0 Spellcasting
 + Level 4.3 Conjurations
 + Level 4.3 Hexes
 + Level 4.3 Summonings
 + Level 4.3 Necromancy
 + Level 4.3 Translocations
 + Level 4.3 Transmutations
 + Level 7.0 Fire Magic
 + Level 4.3 Ice Magic
 + Level 4.3 Air Magic
 + Level 4.3 Earth Magic
 + Level 4.3 Poison Magic
 + Level 5.7 Invocations
 + Level 5.2 Evocations


You had 19 spell levels left.
You knew the following spells:

 Your Spells              Type           Power      Damage    Failure   Level
a - Scorch                Fire           74%        2d8       52%         2

Your spell library contained the following spells:

 Spells                   Type           Power      Damage    Failure   Level
 Necrotise                Necr           100%       1d9       77%         1
 Ensorcelled Hibernation  Hex/Ice        50%        N/A       88%         2
 Inner Flame              Hex/Fire       31%        N/A       91%         3
 Frozen Ramparts          Ice            50%        1d7       98%         3
 Spider Form              Tmut/Pois      25%        N/A       98%         3
 Vampiric Draining        Necr           25%        2d7       98%         3
 Anguish                  Hex/Necr       12%        N/A       100%        4
 Cause Fear               Hex            12%        N/A       100%        4
 Ice Form                 Ice/Tmut       25%        N/A       100%        4
 Summon Ice Beast         Ice/Summ       25%        N/A       100%        4
 Agony                    Necr           25%        N/A       100%        5
 Discord                  Hex            12%        N/A       100%        8


Dungeon Overview and Level Annotations

Branches:
Dungeon (9/15)             Temple (1/1) D:7            Lair (0/6) D:8
Ossuary (visited)
    Orc: D:9-12

Altars:
Ashenzari
Cheibriados
Fedhas
Okawaru
Ru
Trog
Xom
Zin
The Shining One

Shops:
D:3 ?   D:4 *

Annotations:
D:4 2 transporters
D:6 1 runed translucent door, Azuvok's ghost, novice HOFi
D:7 1 runed translucent door, Crazy Yiuf


Innate Abilities, Weirdness & Mutations

You have very sharp teeth.
Your uncanny sense of smell can sniff out nearby items.
Your experience applies equally to all skills.


Message History

The yak gores you but does no damage.
Okay, then.
Okay, then.
Aiming: Fastroot
Press: ? - help, Shift-Dir - straight line The roots erupt in riotous growth!
Roots grab the yak.
The grasping roots constrict the yak!
Something hits you but does no damage. The yak gores you but does no damage.
The yak gores you.
You hit the yak but do no damage.
The yak is heavily wounded.
The grasping roots constrict the yak!
You hear some strange, mumbled words.
Something tries to affect you, but you resist.
The yak struggles to escape constriction.
The yak gores you but does no damage.
You hit the yak but do no damage.
The yak is severely wounded.
The grasping roots constrict the yak.
The roots release their grip on the yak.
You slash the yak! You freeze the yak.
You kill the yak!
Cheibriados thoroughly appreciates the change of pace.
Something hits you but does no damage. The yak gores you but does no damage.
You hit something. You freeze something. Something hits you but does no damage.
The yak gores you but does no damage. x2; The yak barely misses you.
You hit something. You freeze something. Something hits you but does no damage.
The yak gores you. x2; The yak gores you!
You closely miss something. Something hits you but does no damage.
The yak gores you. The yak gores you but does no damage. The yak gores you!
You barely miss something. Something hits you. Something burns you.
The yak gores you. The yak gores you but does no damage. The yak gores you!
* * * LOW HITPOINT WARNING * * *
You hit something. You freeze something. Your bite misses something.
Something hits you but does no damage. The yak gores you!
* * * LOW HITPOINT WARNING * * *
The yak gores you.
* * * LOW HITPOINT WARNING * * *
The yak gores you!
You die...
Y

..#####+######
....Y........#
.............#
....o..$.....#####
....#+#..).......# .
#.....####.# #+#Y{...#
#.# #.Y@Y...# #.#
#.......#######'#######
#.......####...........
##...#..#........####..
#....#..#.##.....#
#.#..#..#.##.....# .
#.......#.###+####
#.#......##.#
#........##.#


You could see 3 yaks.

Vanquished Creatures
  A yak (D:8)
  A steam dragon (D:6)
  Menkaure (D:5)
  An acid dragon (D:8)
  4 water moccasins
  Duvessa (D:5)
  A black bear (D:5)
  An orc warrior (D:7)
  An ice beast (D:7)
  A sky beast (D:6)
  3 ogres (D:5)
  5 bullfrogs
  A necrophage (D:6)
  4 water moccasin zombies (Ossuary)
  5 scorpions
  Dowan (D:5)
  4 wights (D:7)
  4 howler monkeys (D:7)
  2 hounds
  2 orc priests
  A gnoll bouda (D:7)
  4 jellies
  Jessica (D:2)
  4 iguanas
  5 orc wizards
  Ijyb (D:4)
  2 mummies (Ossuary)
  Robin (D:4)
  9 gnolls
  9 adders
  A white imp (D:5)
  3 ufetubi
  2 adder zombies (Ossuary)
  A worm (D:4)
  2 dart slugs (D:5)
  18 orcs
  3 ball pythons (D:1)
  2 bats (D:2)
  7 endoplasms
  A giant cockroach (D:4)
  4 gnoll zombies (Ossuary)
  12 goblins
  12 hobgoblins
  3 jackals (D:5)
  11 kobolds
  5 quokkas
  2 frilled lizards
  2 goblin zombies (D:5)
  3 hobgoblin zombies (Ossuary)
  5 kobold zombies (Ossuary)
  5 orc zombies (Ossuary)
  2 rats
187 creatures vanquished.

Vanquished Creatures (others)
  A gnoll (D:4)
  An adder (D:6)
  37 foxfires
  2 withered plants (D:6)
41 creatures vanquished.

Grand Total: 228 creatures vanquished

Notes
Turn   | Place    | Note
-------+----------+-------------------------------------------
     0 | D:1      | DuloT34 the Gnoll Cinder Acolyte began the quest for the
                  | Orb.
     0 | D:1      | Reached XP level 1. HP: 23/23 MP: 4/4
   674 | D:1      | Reached XP level 2. HP: 25/29 MP: 5/5
   679 | D:1      | Learned a level 2 spell: Scorch
  1367 | D:2      | Reached XP level 3. HP: 35/35 MP: 4/7
  1414 | D:2      | Found a faded altar of an unknown god.
  1915 | D:2      | Found a bloodstained altar of Trog.
  1976 | D:2      | Noticed Jessica
  1989 | D:2      | Killed Jessica
  1990 | D:2      | Reached skill level 1 in Short Blades
  1990 | D:2      | Reached skill level 1 in Axes
  1990 | D:2      | Reached skill level 1 in Maces & Flails
  1990 | D:2      | Reached skill level 1 in Polearms
  1990 | D:2      | Reached skill level 1 in Staves
  1990 | D:2      | Reached skill level 1 in Ranged Weapons
  1990 | D:2      | Reached skill level 1 in Throwing
  1990 | D:2      | Reached skill level 1 in Armour
  1990 | D:2      | Reached skill level 1 in Dodging
  1990 | D:2      | Reached skill level 1 in Stealth
  1990 | D:2      | Reached skill level 1 in Shields
  1990 | D:2      | Reached skill level 1 in Unarmed Combat
  1990 | D:2      | Reached skill level 1 in Invocations
  1990 | D:2      | Reached skill level 1 in Evocations
  2350 | D:3      | Reached XP level 4. HP: 41/41 MP: 8/8
  2372 | D:3      | Noticed a scorpion
  2378 | D:3      | Killed a scorpion
  2379 | D:3      | Reached skill level 1 in Conjurations
  2379 | D:3      | Reached skill level 1 in Hexes
  2379 | D:3      | Reached skill level 1 in Summonings
  2379 | D:3      | Reached skill level 1 in Necromancy
  2379 | D:3      | Reached skill level 1 in Translocations
  2379 | D:3      | Reached skill level 1 in Transmutations
  2379 | D:3      | Reached skill level 1 in Ice Magic
  2379 | D:3      | Reached skill level 1 in Air Magic
  2379 | D:3      | Reached skill level 1 in Earth Magic
  2379 | D:3      | Reached skill level 1 in Poison Magic
  2379 | D:3      | Reached XP level 5. HP: 47/47 MP: 9/9
  2672 | D:3      | Found Qikkuing's Magic Scroll Shoppe.
  2678 | D:3      | Bought a scroll of teleportation for 36 gold pieces
  2935 | D:4      | Noticed Robin
  3645 | D:4      | Killed Robin
  3668 | D:4      | Found a shimmering altar of Xom.
  3687 | D:4      | Found Puminlyos's Assorted Antiques.
  3791 | D:4      | Noticed Ijyb
  3812 | D:4      | Killed Ijyb
  3813 | D:4      | Reached XP level 6. HP: 44/53 MP: 11/11
  3903 | D:4      | Bought a potion of curing for 90 gold pieces
  3964 | D:4      | Found a transporter.
  4209 | D:4      | Found a sacrificial altar of Ru.
  4249 | D:4      | Found a transporter.
  5076 | D:5      | Entered Level 5 of the Dungeon
  5077 | D:5      | Noticed Menkaure
  5094 | D:5      | Killed Menkaure
  5095 | D:5      | Reached XP level 7. HP: 52/60 MP: 12/12
  5276 | D:5      | Found a sand-covered staircase.
  5284 | Ossuary  | Entered an ossuary
  5480 | Ossuary  | Reached XP level 8. HP: 44/67 MP: 14/14
  5997 | D:5      | Noticed Duvessa
  5997 | D:5      | Noticed Dowan
  6010 | D:5      | Killed Dowan
  6011 | D:5      | Killed Duvessa
  7995 | D:6      | Reached XP level 9. HP: 12/73 MP: 16/16
  8456 | D:6      | Reached skill level 5 in Spellcasting
  9557 | D:6      | Identified the +0 plate armour "Oriuhoycs" {rC- Regen+
                  | Int+7}
  9782 | D:6      | Found a runed translucent door.
  9782 | D:6      | Noticed Azuvok's ghost (novice HOFi)
 10012 | D:7      | Found a glowing golden altar of the Shining One.
 10034 | D:7      | Reached skill level 5 in Invocations
 10555 | D:7      | Found a staircase to the Ecumenical Temple.
 10585 | Temple   | Entered the Ecumenical Temple
 10636 | Temple   | Fell from the grace of Ignis
 10636 | Temple   | Became a worshipper of Cheibriados the Contemplative
 10685 | D:7      | Noticed Maggie
 10964 | D:7      | Noticed Maggie
 10964 | D:7      | Maggie changed into Maggie the kobold
 10972 | D:7      | Killed Maggie the kobold
 10990 | D:7      | Reached skill level 5 in Short Blades
 10990 | D:7      | Reached skill level 5 in Axes
 10990 | D:7      | Reached skill level 5 in Maces & Flails
 10990 | D:7      | Reached skill level 5 in Polearms
 10990 | D:7      | Reached skill level 5 in Staves
 10990 | D:7      | Reached skill level 5 in Ranged Weapons
 10990 | D:7      | Reached skill level 5 in Throwing
 10990 | D:7      | Reached skill level 5 in Armour
 10990 | D:7      | Reached skill level 5 in Dodging
 10990 | D:7      | Reached skill level 5 in Stealth
 10990 | D:7      | Reached skill level 5 in Shields
 10990 | D:7      | Reached skill level 5 in Unarmed Combat
 10990 | D:7      | Reached skill level 5 in Evocations
 10990 | D:7      | Reached XP level 10. HP: 66/81 MP: 18/18
 11360 | D:7      | Found a runed translucent door.
 11361 | D:7      | Noticed Crazy Yiuf
 11616 | D:8      | You fall into a shaft and drop 1 floor!
 11750 | D:9      | Noticed a rust devil
 11797 | D:8      | HP: 4/82 [fire elemental[the fiery vengeance of Ignis] (8)]
 11886 | D:8      | Found a staircase to the Lair.
 11928 | D:8      | Identified the +1 leather armour of Hedonism {rPois Str+4
                  | Int-5 Stlth+}
 11958 | D:8      | Slain by a yak

Illustrated notes

Levels and vault maps discovered:
D:1:      sevenhm_arrival_forest_fort_small_6, layout_loops_ring
D:2:      layout_loops_corners, basic_altar, chequers_ecumenical_altar_simple,
          kennysheep_jessica_study
D:3:      layout_loops_ring, serial_shops, shop
D:4:      gammafunk_cloud_chamber, layout_basic,
          nicolae_ru_the_path_less_chosen, xom_confusion_cloud, serial_shops,
          shop, uniq_robin, uniq_ijyb
D:5:      dreamdust_elfheim, layout_basic, enter_ossuary_4, minmay_between,
          uniq_menkaure
D:6:      layout_rooms, gammafunk_ghost_grave
D:7:      layout_basic, mainiacjoe_overflow_small_starburst,
          minmay_temple_entry_sparse_star, uniq_crazy_yiuf_cottage, uniq_maggie
D:8:      layout_basic, kennysheep_mini, nicolae_wu_jian_wuxing_cycle,
          lair_entry_dummy
D:9:      layout_long_grid, grunt_temple_overflow_magic_moments,
          amethyst_overflow_temple_binary, serial_demonic, serial_demonic_a,
          serial_demonic_b, serial_demonic_c, serial_demonic_d,
          kennysheep_big_empty_room, uniq_joseph
Temple:   compressed_dpeg_circular_temple

Skill      XL: |  1  2  3  4  5  6  7  8  9 10 |
---------------+-------------------------------+-----
Short Blades   | 1 2 3 4 5 |  5.2
Axes           | 1 2 3 4 5 |  5.2
Maces & Flails | 1 2 3 4 5 |  5.2
Polearms       | 1 2 3 4 5 |  5.2
Staves         | 1 2 3 4 5 |  5.2
Ranged Weapons | 1 2 3 4 5 |  5.2
Throwing       | 1 2 3 4 5 |  5.2
Armour         | 1 2 3 4 5 |  5.2
Dodging        | 1 2 3 4 5 |  5.2
Stealth        | 1 2 3 4 5 |  5.2
Shields        | 1 2 3 4 5 |  5.2
Unarmed Combat | 1 2 3 4 5 |  5.2
Invocations    | 1 2 3 4 5 |  5.7
Evocations     | 1 2 3 4 5 |  5.2
Spellcasting   | 3 4 5 6 |  6.0
Conjurations   | 1 2 3 4 |  4.3
Hexes          | 1 2 3 4 |  4.3
Summonings     | 1 2 3 4 |  4.3
Necromancy     | 1 2 3 4 |  4.3
Translocations | 1 2 3 4 |  4.3
Transmutations | 1 2 3 4 |  4.3
Ice Magic      | 1 2 3 4 |  4.3
Air Magic      | 1 2 3 4 |  4.3
Earth Magic    | 1 2 3 4 |  4.3
Poison Magic   | 1 2 3 4 |  4.3
Fighting       | 7 8 |  8.5
Long Blades    | 7 8 |  8.5
Fire Magic     | 6 7 |  7.0

Action                   |  1- 3 |  4- 6 |  7- 9 | 10-12 || total
-------------------------+-------+-------+-------+-------++-------
Melee: Falchion          |    34 |   173 |   484 |    40 ||   731
       Bite              |     3 |    14 |    57 |     6 ||    80
       Punch             |       |     1 |    13 |     1 ||    15
       Great sword       |       |       |    21 |    41 ||    62
 Cast: Scorch            |    12 |       |       |       ||    12
Invok: Foxfire Swarm     |       |     3 |     3 |       ||     6
       Fiery Armour      |       |     2 |     2 |       ||     4
Evoke: Wand              |       |       |    10 |     1 ||    11
  Use: Scroll            |     6 |     1 |     6 |     2 ||    15
       Potion            |       |       |     9 |     2 ||    11
 Stab: Sleeping          |     1 |       |       |       ||     1
Armor: Robe              |     4 |       |       |       ||     4
       Plate armour      |     8 |   160 |   396 |   112 ||   676
Dodge: Dodged            |    15 |    31 |   116 |    24 ||   186

Table legend: (Time is in decaauts)
 A = Elapsed time spent in this place.
 B = Non-inter-level travel time spent in this place.
 C = Inter-level travel time spent in this place.
 D = Time resting spent in this place.
 E = Time spent auto-exploring this place.
 F = Levels seen in this place.
 G = Mean time per level.
                   A        B        C        D        E       F      G
               +--------+--------+--------+--------+--------+-----+--------+
         Total |  12137 |  11882 |    255 |   4708 |   5526 |  11 | 1103.4 |
       Dungeon |  11406 |  11181 |    225 |   4451 |   5248 |   9 | 1267.3 |
        Temple |     62 |     32 |     30 |      0 |     26 |   1 |   62.0 |
       Ossuary |    667 |    667 |      0 |    257 |    252 |   1 |  667.0 |
               +--------+--------+--------+--------+--------+-----+--------+

Top non-repeatable levels by time:
     D:5: 3175 daAuts
     D:7: 1737 daAuts
     D:2: 1447 daAuts
     D:4: 1389 daAuts
     D:3: 1369 daAuts
     D:6: 1029 daAuts
     D:1: 867 daAuts
 Ossuary: 667 daAuts
     D:8: 231 daAuts
     D:9: 157 daAuts
  Temple: 62 daAuts
